 Seeded DCSS version 0.29-a0-824-gd827844252 (webtiles) character file.

Game seed: 20220709 (custom seed)

57950 flotson the Fighter (level 14, -6/110 (113) HPs)
             Began as a Demonspawn Delver on July 9, 2022.
             Was an Initiate of Gozag.
             Mangled by Snorg (12 damage)
             ... on level 5 of the Lair of Beasts.
             The game lasted 00:58:52 (28733 turns).

flotson the Fighter (Demonspawn Delver)            Turns: 28733, Time: 00:58:52

HP:   -6/110 (113)  AC: 17    Str: 18    XL:     14   Next: 47%
MP:   0/14          EV: 14    Int: 11    God:    Gozag
Gold: 4377          SH:  6    Dex: 15    Spells: 13/13 levels left

rFire   . . .      SeeInvis .   a - +2 broad axe (distort)
rCold   + . .      Faith    .   (no shield)
rNeg    + . .      Spirit   +   H - +3 scale mail {rPois}
rPois   +          Reflect  .   Q - +0 helmet
rElec   +          Harm     .   D - +2 cloak {rPois}
rCorr   .          Rampage  .   (gloves unavailable)
Will    ++...                   z - +0 pair of boots
Stlth   +.........              P - amulet of Conflict {Spirit rElec rPois}
HPRegen 0.28/turn               E - ring of positive energy
MPRegen 0.14/turn               y - ring of protection from cold

@: about to teleport, lightly drained
A: claws 3, large bone plates 2, powered by death 1, powered by pain 2, demonic
willpower
a: Renounce Religion, Potion Petition, Call Merchant, Bribe Branch


You were on level 5 of the Lair of Beasts.
You worshipped Gozag.
Gozag was most pleased with you.
You visited 3 branches of the dungeon, and saw 20 of its levels.

You collected 4432 gold pieces.
You paid 55 gold pieces to Gozag.

Inventory:

Hand Weapons
 a - a +2 broad axe of distortion (weapon)
 k - a +2 war axe of electrocution
Missiles
 d - 30 poisoned darts
 h - 3 throwing nets
 u - 3 datura-tipped darts
 w - 2 boomerangs (quivered)
 O - 9 curare-tipped darts
Armour
 z - a +0 pair of boots (worn)
 D - a +2 cloak of poison resistance (worn)
 H - a +3 scale mail of poison resistance (worn)
 J - the +2 ring mail of Inevitability {rN+}
   (You found it on level 6 of the Dungeon)

   rN:        It protects you from negative energy.
 N - a +2 leather armour of fire resistance
 Q - a +0 helmet (worn)
Jewellery
 l - a ring of fire
 y - a ring of protection from cold (right claw)
 E - a ring of positive energy (left claw)
 F - a ring of wizardry
 P - the amulet of Conflict (around neck) {Spirit rElec rPois}
   (You found it on level 8 of the Dungeon)

   [amulet of guardian spirit]

   It causes incoming damage to be divided between your reserves of health and
   magic.
   rElec:     It insulates you from electricity.
   rPois:     It protects you from poison.
Wands
 b - a wand of charming (7)
 g - a wand of digging (5)
 t - a wand of iceblast (3)
 G - a wand of flame (26)
 V - a wand of polymorph (4)
Scrolls
 c - 3 scrolls of fog
 f - 3 scrolls of enchant weapon {unknown}
 i - 4 scrolls of amnesia {unknown}
 j - 3 scrolls of noise {unknown}
 m - 3 scrolls of teleportation
 p - 2 scrolls of silence {unknown}
 s - 4 scrolls of enchant armour {unknown}
 v - a scroll of poison {unknown}
 x - a scroll of blinking {unknown}
 A - 2 scrolls of immolation {unknown}
 B - 4 scrolls of brand weapon {unknown}
 R - a scroll of summoning {unknown}
Potions
 n - 6 potions of flight
 q - 5 potions of mutation
 r - 5 potions of lignification
 I - a potion of might
 L - a potion of invisibility
 S - 2 potions of curing
 X - a potion of ambrosia {unknown}
Miscellaneous
 e - a phantom mirror
 C - a tin of tremorstones (1/2)


   Skills:
 + Level 11.2 Fighting
 + Level 9.8(9.9) Axes
 - Level 1.7(6.4) Polearms
 + Level 9.7 Throwing
 + Level 9.7 Armour
 + Level 10.1 Dodging
 - Level 4.5 Stealth
 + Level 10.9 Evocations


You had 13 spell levels left.
You didn't know any spells.
Your spell library contained the following spells:

 Spells                   Type           Power      Damage    Failure   Level
 Apportation              Tloc           0%         N/A       67%         1
 Necrotise                Necr           0%         1d4       67%         1
 Sting                    Tmut/Pois      0%         1d3       67%         1
 Summon Small Mammal      Summ           0%         N/A       67%         1
 Ensorcelled Hibernation  Hex/Ice        0%         N/A       80%         2
 Passwall                 Tmut/Erth      0%         N/A       80%         2
 Poisonous Vapours        Pois/Air       0%         N/A       80%         2
 Scorch                   Fire           0%         2d5       80%         2
 Wereblood                Tmut           0%         N/A       80%         2
 Confusing Touch          Hex            0%         N/A       95%         3
 Dazzling Flash           Conj/Hex       0%         N/A       95%         3
 Swiftness                Air            0%         N/A       95%         3
 Cause Fear               Hex            0%         N/A       100%        4
 Iskenderun's Mystic Bla  Conj/Tloc      0%         2d3       100%        4
 Olgreb's Toxic Radiance  Pois           0%         N/A       100%        4
 Passage of Golubria      Tloc           0%         N/A       100%        4
 Petrify                  Tmut/Erth      0%         N/A       100%        4
 Summon Ice Beast         Ice/Summ       0%         N/A       100%        4
 Fireball                 Conj/Fire      0%         3d3       100%        5
 Metabolic Englaciation   Hex/Ice        0%         N/A       100%        5
 Silence                  Hex/Air        0%         N/A       100%        5
 Summon Forest            Summ/Tloc      0%         N/A       100%        5
 Summon Mana Viper        Hex/Summ       0%         N/A       100%        5
 Yara's Violent Unravell  Hex/Tmut       0%         3d3       100%        5
 Conjure Ball Lightning   Conj/Air       0%         3x3d6     100%        6
 Starburst                Conj/Fire      0%         6d3       100%        6
 Statue Form              Tmut/Erth      0%         N/A       100%        6
 Summon Cactus Giant      Summ           0%         N/A       100%        6
 Dragon Form              Tmut           0%         N/A       100%        7
 Enfeeble                 Hex            0%         N/A       100%        7
 Haunt                    Necr/Summ      0%         N/A       100%        7
 Monstrous Menagerie      Summ           0%         N/A       100%        7
 Discord                  Hex            0%         N/A       100%        8
 Disjunction              Tloc           0%         N/A       100%        8
 Infestation              Necr           0%         N/A       100%        8
 Lehudib's Crystal Spear  Conj/Erth      0%         10d2      100%        8
 Dragon's Call            Summ           0%         N/A       100%        9
 Fire Storm               Conj/Fire      0%         5d1       100%        9
 Animate Dead             Necr           Unusable   N/A       N/A         4
 Corpse Rot               Necr/Pois/Air  Unusable   N/A       N/A         4

Dungeon Overview and Level Annotations

Branches:
Dungeon (14/15)            Temple (1/1) D:4            Lair (5/6) D:11
 Shoals (0/4) Lair:4       Spider (0/4) Lair:2        Slime (0/5) Lair:5
    Orc (0/2) D:12         Vaults (0/5) D:14

Altars:
Ashenzari
Cheibriados
Dithmenos
Fedhas
Gozag
Hepliaklqana
Kikubaaqudgha
Makhleb
Nemelex Xobeh
Okawaru
Qazlal
Ru
Sif Muna
Trog
Uskayaw
Vehumet
Wu Jian
Xom
Yredelemnul

Shops:
D:1 (   D:13 (

Annotations:
D:14 1 runed translucent door, Ireuh's ghost, journeyman TrMo
Lair:2 Gastronok
Lair:5 Snorg


Innate Abilities, Weirdness & Mutations

You have claws for hands.
You are mostly covered in large bone plates. (SH +6)
You regenerate a little health from kills.
You sometimes gain power by taking damage.
You punish those that try to bend your will. (Will+)


Message History

Snorg is lightly wounded.
Snorg bites you! Snorg barely misses you. Snorg claws you but does no damage.
You closely miss Snorg.
Snorg is lightly wounded.
Snorg bites you. Snorg claws you! You block Snorg's attack. Snorg misses you.
You block Snorg's attack. Snorg claws you but does no damage.
Unknown command.
You barely miss Snorg. Your claw misses Snorg.
Snorg is lightly wounded.
Snorg bites you!!
You focus on the pain.
You feel your power returning. You block Snorg's attack.
Snorg claws you but does no damage.
You slash Snorg!
Space warps around Snorg.
Snorg is lightly wounded.
Snorg misses you. Snorg closely misses you. Snorg barely misses you.
Snorg bites you! Snorg claws you! You block Snorg's attack.
You are too injured to fight recklessly!
You barely miss Snorg.
Snorg is lightly wounded.
Snorg bites you but does no damage. Snorg claws you! Snorg claws you.
Snorg bites you!!
* * * LOW HITPOINT WARNING * * *
You focus on the pain.
You feel your power returning. Snorg completely misses you. Snorg misses you.
As you read the scroll of teleportation, it crumbles to dust.
You feel strangely unstable. Snorg misses you. Snorg claws you.
* * * LOW HITPOINT WARNING * * *
Snorg barely misses you. Snorg attacks as you move away! Snorg bites you.
* * * LOW HITPOINT WARNING * * *
Snorg claws you but does no damage. You block Snorg's attack.
Snorg bites you but does no damage. Snorg claws you.
* * * LOW HITPOINT WARNING * * *
Snorg claws you.
* * * LOW HITPOINT WARNING * * *
Snorg attacks as you move away! Snorg misses you.
Snorg claws you but does no damage. Snorg closely misses you.
Snorg attacks as you move away! Snorg bites you but does no damage.
You block Snorg's attack. Snorg claws you!!
You die...
Your body crumbles into a pile of gold.

,**,,**P.......##.P...##....#,,,,
,,,,,,*#.......#......##....#,,,,
**,,,,,#.......#......##......,,,
***,,,,........!......#......#.,,
**,****.(..........#..#.....#...,
***,**,...........P#P..#....##.,,
,*,,,**..................,,,**,,,
,,,,,,,........>..........,,*,,,,
,,,,,,,.........@..........,,,,,,
,,,,,,,.........T..........,,,,,,
,,,,,,,..................,,,,,,,,
,,,,,,,...........$......,,,,,,,,
,,,,,,,.................,,,,,,,,,
,,,,,,,P.P....#......##.,,,,,,*,,
*,,,,*,###....#.#...#$#,,,,,,*,,,
,,,,,,,,,#...........#.,,,,,,,,,,
,,,,,,,,,....##..P...#,,,,,,,,,,,


You could see Snorg (berserk).

Vanquished Creatures
  Rupert (D:13)
  Kirke (D:13)
  3 boulder beetles
  8 hydras
  Harold (Lair:2)
  2 centaur warriors
  A catoblepas (Lair:2)
  5 death yaks
  2 two-headed ogres
  Sonja (Lair:4)
  3 skeletal warriors
  2 deep elf pyromancers (D:12)
  3 ugly things
  2 cyclopes
  A manticore (D:10)
  3 black mambas
  7 elephants
  3 merfolk sirens (Lair:4)
  Maggie (Lair:2)
  A torpor snail (Lair:4)
  2 gargoyles
  2 freezing wraiths (D:13)
  5 cane toads
  3 rime drakes
  12 komodo dragons
  An anaconda simulacrum (Lair:3)
  4 kobold demonologists
  2 polar bears (Lair:4)
  A merfolk (Lair:4)
  A slime creature (D:13)
  14 blink frogs
  A wolf spider simulacrum (Lair:3)
  Grinder (D:5)
  A hornet (D:9)
  6 dream sheep (Lair:1)
  A jumping spider (Lair:2)
  Sigmund (D:6)
  2 culicivoras (Lair:2)
  A shadow (D:9)
  A vampire (D:12)
  2 wyverns
  33 yaks
  A basilisk (Lair:4)
  A hog (D:13)
  A redback (Lair:1)
  2 steam dragons
  8 vampire mosquitoes
  A death yak simulacrum (Lair:3)
  7 water moccasins
  2 acid dragons
  A sky beast (D:7)
  A black bear (D:6)
  2 orc warriors
  2 ogres
  An ice beast (D:6)
  17 wolves
  10 centaurs
  5 kobold brigands
  2 necrophages (D:5)
  16 bullfrogs
  2 gnoll sergeants
  15 wights
  An elephant simulacrum (Lair:3)
  6 killer bees (D:10)
  8 howler monkeys
  4 electric eels
  3 centaur zombies (D:8)
  A gnoll bouda (D:9)
  3 hounds
  5 orc priests
  A water moccasin simulacrum (Lair:3)
  4 iguanas (D:6)
  9 orc wizards
  5 hell rats
  5 adders
  15 gnolls
  2 white imps
  3 dart slugs
  43 orcs
  14 endoplasms
  3 giant cockroaches
  4 goblins
  7 hobgoblins
  6 jackals
  2 quokkas
  3 ball pythons (D:1)
  5 bats
  2 frilled lizards
  25 kobolds
  7 rats
441 creatures vanquished.

Vanquished Creatures (others)
  A two-headed ogre (D:13)
  5 humans (D:13)
  18 fungi
  45 plants
  5 withered plants (D:8)
74 creatures vanquished.

Grand Total: 515 creatures vanquished

Notes
Turn   | Place    | Note
-------+----------+-------------------------------------------
     0 | D:5      | flotson the Demonspawn Delver began the quest for the Orb.
     0 | D:5      | Reached XP level 1. HP: 18/18 MP: 1/1
   125 | D:5      | Noticed a howler monkey
   151 | D:5      | Killed a howler monkey
   152 | D:5      | Reached skill level 1 in Axes
   152 | D:5      | Reached skill level 1 in Armour
   152 | D:5      | Reached skill level 1 in Evocations
   152 | D:5      | Gained mutation: You sometimes gain a little power by
                  | taking damage. [demonic ancestry]
   152 | D:5      | Reached XP level 2. HP: 23/24 MP: 2/2
   152 | D:5      | Gained mutation: You sometimes gain power by taking damage.
                  | [demonic ancestry]
   152 | D:5      | Reached XP level 3. HP: 28/29 MP: 3/3
   186 | D:5      | Noticed an ogre
   254 | D:4      | Noticed an ogre
   325 | D:2      | You fall into a shaft and drop 2 floors!
   392 | D:2      | Found a snail-covered altar of Cheibriados.
   595 | D:1      | Reached XP level 4. HP: 28/35 MP: 4/4
   877 | D:1      | Found Wophoe's Weapon Shoppe.
  1829 | D:2      | Reached skill level 1 in Throwing
  1853 | D:2      | Got Omeyh's Handbook of Calling
  2011 | D:3      | Found a shadowy altar of Dithmenos.
  2117 | D:3      | Gained mutation: You have sharp fingernails. [demonic
                  | ancestry]
  2117 | D:3      | Reached XP level 5. HP: 41/41 MP: 5/5
  2452 | D:3      | Got the Omnibus of Baneful Changing
  2887 | D:4      | Killed an ogre
  2888 | D:4      | Gained mutation: You regenerate a little health from kills.
                  | [demonic ancestry]
  2888 | D:4      | Reached XP level 6. HP: 25/48 MP: 6/6
  2976 | D:4      | Found a staircase to the Ecumenical Temple.
  2985 | Temple   | Entered the Ecumenical Temple
  2985 | Temple   | Found a transporter.
  2985 | Temple   | Found a transporter.
  2987 | Temple   | Found a transporter.
  2987 | Temple   | Found a transporter.
  3026 | Temple   | Became a worshipper of Gozag Ym Sagoz the Greedy
  3511 | D:5      | Reached skill level 4 in Fighting
  3594 | D:5      | Noticed Grinder
  3606 | D:5      | Paralysed by Grinder for 4 turns
  3614 | D:5      | Killed Grinder
  3615 | D:5      | Gained mutation: You are partially covered in large bone
                  | plates. (SH +4) [demonic ancestry]
  3615 | D:5      | Reached XP level 7. HP: 29/54 MP: 7/7
  3704 | D:5      | Found a snail-covered altar of Cheibriados.
  4447 | D:6      | Noticed Sigmund
  4463 | D:6      | Killed Sigmund
  4464 | D:6      | Reached XP level 8. HP: 50/61 MP: 8/8
  4662 | D:6      | Reached skill level 5 in Fighting
  5353 | D:6      | Identified the +2 ring mail of Inevitability {rN+}
  5754 | D:7      | Gained mutation: You have very sharp fingernails. [demonic
                  | ancestry]
  5754 | D:7      | Reached XP level 9. HP: 41/69 MP: 9/9
  5879 | D:7      | Found a hide-covered altar of Uskayaw.
  6538 | D:7      | Found a hide-covered altar of Uskayaw.
  7051 | D:8      | Reached skill level 5 in Evocations
  7251 | D:8      | Found a blossoming altar of Fedhas.
  7280 | D:8      | Reached skill level 6 in Fighting
  7353 | D:8      | Reached skill level 5 in Dodging
  7456 | D:8      | Noticed a two-headed ogre
  7459 | D:8      | Killed a two-headed ogre
  7460 | D:8      | Reached skill level 5 in Axes
  7490 | D:8      | Identified the amulet of Conflict {Spirit rElec rPois}
  7514 | D:8      | Reached skill level 5 in Armour
  7588 | D:8      | Reached skill level 5 in Throwing
  7615 | D:8      | Gained mutation: You are mostly covered in large bone
                  | plates. (SH +6) [demonic ancestry]
  7615 | D:8      | Reached XP level 10. HP: 72/77 MP: 10/10
  9282 | D:9      | Noticed a two-headed ogre
  9290 | D:9      | Killed a two-headed ogre
  9291 | D:9      | Reached skill level 7 in Fighting
  9505 | D:10     | Entered Level 10 of the Dungeon
  9538 | D:10     | Noticed a soul eater
  9756 | D:10     | Noticed a centaur warrior
 10086 | D:9      | Killed a centaur warrior
 10439 | D:10     | Gained mutation: You have claws for hands. [demonic
                  | ancestry]
 10439 | D:10     | Reached XP level 11. HP: 72/85 MP: 8/11
 11057 | D:11     | Noticed a death yak
 11059 | D:11     | Noticed a death yak
 11062 | D:11     | Noticed a death yak
 11066 | D:11     | Noticed a death yak
 11088 | D:10     | Killed a death yak
 11204 | D:11     | Noticed a cyan ugly thing
 11219 | D:11     | Killed a cyan ugly thing
 11318 | D:11     | Found a staircase to the Lair.
 11481 | D:11     | Noticed a brown ugly thing
 11498 | D:11     | Killed a brown ugly thing
 11499 | D:11     | Reached skill level 8 in Fighting
 11836 | D:11     | Noticed a death yak
 11862 | D:10     | Killed a death yak
 12267 | D:11     | Noticed a skeletal warrior
 12272 | D:11     | Noticed a skeletal warrior
 12285 | D:11     | Killed a skeletal warrior
 12517 | D:11     | Noticed a skeletal warrior
 12524 | D:10     | Killed a skeletal warrior
 12645 | D:9      | Killed a death yak
 12945 | D:10     | Killed a death yak
 13286 | D:10     | Killed a death yak
 13773 | Lair:1   | Entered Level 1 of the Lair of Beasts
 14620 | D:11     | Reached XP level 12. HP: 93/94 MP: 12/12
 15697 | Lair:1   | Reached skill level 9 in Fighting
 16418 | Lair:2   | Noticed Harold
 17281 | Lair:2   | Noticed a catoblepas
 17284 | Lair:2   | Noticed Gastronok
 17341 | Lair:2   | Killed a catoblepas
 18048 | Lair:2   | Killed Harold
 18882 | Lair:2   | Noticed a six-headed hydra
 18996 | Lair:2   | Noticed Maggie
 19004 | Lair:2   | Killed Maggie
 19445 | Lair:2   | Gained mutation: You punish those that try to bend your
                  | will. (Will+) [demonic ancestry]
 19445 | Lair:2   | Reached XP level 13. HP: 102/102 MP: 13/13
 20100 | Lair:2   | Found a hole to the Spider Nest.
 21190 | D:12     | Found a staircase to the Orcish Mines.
 21520 | D:12     | Reached skill level 10 in Fighting
 23140 | D:13     | Found Xybb's Weapon Shop.
 23149 | D:13     | Noticed Kirke
 23164 | D:13     | Killed Kirke
 23314 | D:13     | Reached skill level 10 in Evocations
 23499 | D:13     | Found a shimmering blue altar of Sif Muna.
 24110 | D:13     | Noticed Rupert
 24121 | D:13     | Paralysed by Rupert for 2 turns
 24127 | D:13     | HP: 2/104 [Rupert/+5 great mace of protection (10)]
 24128 | D:13     | Killed Rupert
 25150 | D:14     | Noticed Ireuh's ghost (journeyman TrMo)
 25150 | D:14     | Found a runed translucent door.
 25661 | D:14     | Found a gate to the Vaults.
 25719 | D:13     | HP: 4/104 [something (3)]
 26266 | Lair:3   | Reached XP level 14. HP: 86/111 MP: 11/14
 26530 | Lair:3   | Found a transporter.
 26557 | Lair:3   | Found a transporter.
 27339 | Lair:4   | Reached skill level 11 in Fighting
 27409 | Lair:4   | Noticed Sonja
 27414 | Lair:4   | Killed Sonja
 27858 | Lair:4   | Got Asmodeus's Reference Book on Flames
 27920 | Lair:4   | Found a staircase to the Shoals.
 27926 | Lair:4   | Reached skill level 10 in Dodging
 28188 | Lair:4   | Identified the +6 quarterstaff of Moral Flaws {vamp, *Noise
                  | +Blink rPois}
 28720 | Lair:5   | Noticed Snorg
 28733 | Lair:5   | Mangled by Snorg

Illustrated notes

Levels and vault maps discovered:
D:1:      elethiomel_arrival_infinity_welcomes_careful_drivers,
          layout_loops_corners, serial_shops,
          nicolae_shop_temple_entry_statues_fountains, serial_bayou_lake_a
D:2:      layout_basic, basic_altar
D:3:      minmay_chambers_of_twos, layout_basic, nicolae_dithmenos_the_darkroom
D:4:      layout_rooms, minmay_temple_entry_tees, serial_glass, glass_columns_a,
          glass_columns_a, glass_columns_c, glass_columns_b
D:5:      layout_layer_cave, lemuel_coloured_pillars_altar,
          kennysheep_generic_room_3, uniq_grinder
D:6:      layout_basic, uniq_sigmund
D:7:      layout_basic, gammafunk_temple_overflow_statue
D:8:      layout_basic, fedhas_altar_1, serial_undead, serial_undead_c,
          serial_undead_d, serial_undead_e, serial_undead_f
D:9:      layout_roguey
D:10:     layout_cave_pools
D:11:     layout_roguey, dpeg_lair_monsters, minmay_diced_spiral
D:12:     layout_stronghold, david_orc_2
D:13:     layout_irregular_city, serial_co_window_serial, co_window_corner_a,
          co_window_cross_1, co_window_corner_a, co_window_paths_a,
          co_window_corner_a, co_window_corner_a, co_window_of_opportunity_b,
          co_window_corner_b, co_window_2corner, co_window_broadway_a,
          co_window_paths_c, co_window_cross_2, co_window_4corner_b,
          glass_columns_b, glass_columns_c, serial_shops,
          nicolae_shop_bloodbath_and_beyond, minmay_misc_feat_tiny,
          nicolae_sif_muna_little_library, uniq_kirke, uniq_rupert
D:14:     minmay_the_grid_triangle_9x9_recursive_3_mashed
          [minmay_the_grid_triangle_9x9_thin_v,
          minmay_the_grid_triangle_9x9_cache,
          minmay_the_grid_triangle_9x9_skeleton,
          minmay_the_grid_triangle_9x9_prize_insulated,
          minmay_the_grid_triangle_9x9_negative_grid,
          minmay_the_grid_triangle_9x9_impossible_snake,
          minmay_the_grid_triangle_9x9_zippers_vertical,
          minmay_the_grid_triangle_9x9_windchime,
          minmay_the_grid_triangle_9x9_sparse_checkered], layout_cave_pools,
          lightli_vaults_fourway_checkpoint, hellmonk_ghost_happy_afterlife,
          nicolae_qazlal_scattered_showers
Temple:   hellmonk_temple_divided_pantheon
Lair:1:   layout_cellular_growth, patterned_corridor, infiniplex_staircase_pool,
          grunt_megastairs_4, serial_bayou_shore_b
Lair:2:   nzn_winding_woodlands_stair_cross
          [nzn_winding_woodlands_5x15_sidewinder,
          nzn_winding_woodlands_center_lodge,
          nzn_winding_woodlands_5x15_pockets,
          nzn_winding_woodlands_5x5_perimeter,
          nzn_winding_woodlands_5x5_closed_star,
          nzn_winding_woodlands_5x15_concentric,
          nzn_winding_woodlands_center_diamonds,
          nzn_winding_woodlands_5x15_garden], layout_cave_shapes,
          spider_nest_entry_funnel_web, uniq_maggie, uniq_harold, uniq_gastronok
Lair:3:   gammafunk_cloud_chamber, layout_gridlike
Lair:4:   layout_small_grid, elwin_shoals_entry_stream, uniq_sonja
Lair:5:   layout_regular_city, minmay_slime_entry_oklob_enclosed,
          portal_ice_cave_rime, uniq_snorg

Skill      XL: |  1  2  3  4  5  6  7  8  9 10 11 12 13 14 |
---------------+-------------------------------------------+-----
Axes           | 1 2 3 4 5 6 7 8 9 |  9.8
Armour         | 1 2 3 4 5 6 7 8 9 |  9.7
Dodging        | 2 3 4 5 6 7 8 9 10 | 10.1
Evocations     | 1 2 3 4 5 6 8 9 10 | 10.9
Throwing       | 1 2 3 5 6 7 8 9 |  9.7
Fighting       | 4 5 6 7 8 9 10 11 | 11.2
Polearms       | |  1.7
Stealth        | |  4.5

Action                   |  1- 3 |  4- 6 |  7- 9 | 10-12 | 13-15 || total
-------------------------+-------+-------+-------+-------+-------++-------
Melee: Spear             |    55 |   232 |   197 |       |       ||   484
       Punch             |       |     2 |     3 |    14 |    11 ||    30
       Halberd           |       |       |   119 |       |       ||   119
       Trident           |       |       |   102 |   828 |       ||   930
       Whip              |       |       |       |    63 |       ||    63
       Broad axe         |       |       |       |     1 |   445 ||   446
Throw: Dart              |       |     6 |    10 |    20 |     9 ||    45
       Throwing net      |       |       |       |     3 |       ||     3
       Boomerang         |       |       |       |       |    63 ||    63
Evoke: Wand              |       |       |    10 |    23 |    11 ||    44
       Tin of tremorston |       |       |       |     2 |     2 ||     4
       Phantom mirror    |       |       |       |       |     2 ||     2
  Use: Potion            |     1 |       |     3 |       |     7 ||    11
       Scroll            |     1 |       |     3 |     9 |     8 ||    21
 Stab: Sleeping          |     3 |    18 |     5 |    10 |     2 ||    38
       Distracted        |       |     1 |     2 |     2 |     3 ||     8
Armor: Leather armour    |     6 |    40 |    24 |       |       ||    70
       Ring mail         |       |       |   138 |   305 |   208 ||   651
       Skin              |       |       |    10 |       |       ||    10
       Scale mail        |       |       |       |       |    80 ||    80
Dodge: Dodged            |    26 |    90 |   201 |   546 |   437 ||  1300
Block: Other             |       |       |    60 |   254 |   197 ||   511

Table legend: (Time is in decaauts)
 A = Elapsed time spent in this place.
 B = Non-inter-level travel time spent in this place.
 C = Inter-level travel time spent in this place.
 D = Time resting spent in this place.
 E = Time spent auto-exploring this place.
 F = Levels seen in this place.
 G = Mean time per level.
                   A        B        C        D        E       F      G
               +--------+--------+--------+--------+--------+-----+--------+
         Total |  28947 |  27672 |   1275 |   3157 |  19447 |  20 | 1447.3 |
       Dungeon |  19452 |  18657 |    795 |   1832 |  13461 |  14 | 1389.4 |
        Temple |     61 |     61 |      0 |      0 |      6 |   1 |   61.0 |
          Lair |   9433 |   8953 |    480 |   1325 |   5980 |   5 | 1886.6 |
               +--------+--------+--------+--------+--------+-----+--------+

Top non-repeatable levels by time:
  Lair:2: 3602 daAuts
  Lair:1: 2975 daAuts
    D:12: 2380 daAuts
    D:10: 2263 daAuts
     D:9: 2132 daAuts
    D:13: 2010 daAuts
    D:11: 1867 daAuts
     D:7: 1568 daAuts
  Lair:4: 1546 daAuts
     D:8: 1278 daAuts
  Lair:3: 1266 daAuts
     D:1: 1209 daAuts
     D:5: 1199 daAuts
     D:6: 1070 daAuts
     D:3: 945 daAuts
